Oilers vs Senators

Created - 2 février 2021 at 20:17

Goals
1 2 3 T
Oilers 1 0 0 1
Senators 2 1 1 4
Shots
1 2 3 T
Oilers 7 4 7 18
Senators 7 9 10 26

1st period

1. Senators , Alexander Wennberg 10 (Connor Brown 13) at 13:51
2. Senators , Vladislav Namestnikov 13 (Chris Wagner 8, Mike Green 22) at 14:32
3. Oilers , Yanni Gourde 7 (Pavel Zacha 14) at 16:28

Penalties :
Ryan Johansen (EDM) for Hooking (Minor) at 6:14

2nd period

4. Senators , Mike Green 5 (Paul Byron 6) at 6:12

Penalties :
Paul Byron (OTT) for Tripping (Minor) at 17:56

3rd period

5. Senators , Connor Brown 8 (Mark Stone 15, Alex Goligoski 13) at 3:17

Penalties :
Mark Stone (OTT) for Hooking (Minor) at 11:58

Goalie Stats

Robin Lehner (EDM), 7 saves from 7 shots - (1,000), 16:43 minutes
Jonathan Quick (EDM), 15 saves from 19 shots - (0,789), L, 7-9-0, 43:17 minutes
Petr Mrazek (OTT), 17 saves from 18 shots - (0,944), W, 7-17-2, 60:00 minutes

Players Stats for Oilers

Player Name              G  A  P  +/- PIM S  H  SB GA TA FO     MP     PP MP  PK MP  
------------------------------------------------------------------------------------
Adam Lowry               0  0  0  -2  0   1  1  0  0  0  10/14  13:35   0:31   0:51 
Barclay Goodrow          0  0  0  -2  0   0  2  0  0  0  0/0    13:09   0:00   0:56 
Barrett Hayton           0  0  0  -1  0   0  1  0  0  0  4/8     8:48   2:08   1:01 
Brenden Dillon           0  0  0  -2  0   0  4  0  0  0  0/0    17:41   0:00   0:56 
Brent Burns              0  0  0  -1  0   1  0  2  0  0  0/0    24:10   1:59   0:29 
Evander Kane             0  0  0   0  0   3  3  0  0  0  1/1    22:21   1:50   0:00 
Gustav Nyquist           0  0  0   0  0   5  0  0  0  0  0/0    22:39   1:50   0:18 
Jacob Trouba             0  0  0  -1  0   0  5  0  0  0  0/0    24:06   1:59   0:25 
Leo Komarov              0  0  0  -1  0   0  1  0  0  0  0/0     6:38   0:00   0:59 
Nick Cousins             0  0  0  -2  0   0  0  0  0  0  0/0    12:13   0:00   0:00 
Pavel Zacha              0  1  1   0  0   2  0  0  0  0  7/13   17:48   2:08   0:00 
Riley Nash               0  0  0  -1  0   1  0  0  0  0  1/1     5:50   0:00   0:11 
Ryan Johansen            0  0  0   0  2   1  0  0  0  0  18/29  22:20   1:50   0:00 
Sam Bennett              0  0  0   0  0   1  1  0  0  0  2/2    15:40   0:00   0:00 
Travis Hamonic           0  0  0   0  0   1  1  0  0  0  0/0    18:06   1:59   0:31 
Troy Stecher             0  0  0  -2  0   0  1  2  0  0  0/0    17:39   0:00   0:54 
Vladislav Gavrikov       0  0  0   0  0   0  2  2  0  0  0/0    18:00   1:59   0:25 
Yanni Gourde             1  0  1   0  0   2  0  0  0  0  0/1    17:17   1:37   0:00 

Players Stats for Senators

Player Name              G  A  P  +/- PIM S  H  SB GA TA FO     MP     PP MP  PK MP  
------------------------------------------------------------------------------------
Alex Galchenyuk          0  0  0   0  0   1  0  0  0  0  0/1    15:06   0:00   1:29 
Alex Goligoski           0  1  1   1  0   0  1  1  0  0  0/0    21:09   0:36   1:38 
Alexander Wennberg       1  0  1   2  0   2  0  1  0  0  9/22   18:12   1:21   0:00 
Andy Greene              0  0  0   1  0   0  0  1  0  0  0/0    21:06   0:33   1:38 
Chris Wagner             0  1  1   0  0   1  0  0  0  0  6/14   15:14   0:00   2:22 
Connor Brown             1  1  2   2  0   4  0  0  0  0  0/1    18:34   1:21   0:22 
Derek Ryan               0  0  0   1  0   0  0  0  0  0  0/0     9:23   0:00   1:58 
Eric Staal               0  0  0   0  0   4  0  2  0  0  7/19   17:33   0:38   0:00 
Jakob Chychrun           0  0  0   2  0   3  1  1  0  0  0/0    20:13   0:02   2:20 
James Neal               0  0  0   0  0   1  3  0  0  0  0/1    17:33   0:38   0:00 
Jani Hakanpaa            0  0  0   0  0   0  0  0  0  0  0/0    17:55   0:38   0:00 
Justin Falk              0  0  0   0  0   0  1  2  0  0  0/0    18:05   0:48   0:00 
Mark Stone               0  1  1   2  2   1  1  0  0  0  1/1    18:11   1:21   0:00 
Mike Green               1  1  2   2  0   3  0  1  0  0  0/0    20:47   1:21   2:20 
Paul Byron               0  1  1   1  2   2  0  0  0  0  0/1     7:55   0:00   0:31 
Valtteri Filppula        0  0  0   1  0   0  0  0  0  0  3/5     8:39   0:00   1:14 
Vladimir Tarasenko       0  0  0   0  0   0  2  0  0  0  0/1    17:33   0:38   0:00 
Vladislav Namestnikov    1  0  1   0  0   4  0  0  0  0  0/3    12:52   0:00   0:00 

3 Stars

1 - Mike Green (OTT)
2 - Connor Brown (OTT)
3 - Alexander Wennberg (OTT)

Power Play

Oilers - 0 on 2 Attempt(s) - 0,00%
Senators - 0 on 1 Attempt(s) - 0,00%

Penalty Kill

Oilers - 1 on 1 Attempt(s) - 100,00% - Score 0 goal in Penalty Kill
Senators - 2 on 2 Attempt(s) - 100,00% - Score 0 goal in Penalty Kill

Team Stat

Oilers - Hits : 22 - Faceoff Wins : 43 - Blocked Shots : 6 - Penalty Minutes : 2
Senators - Hits : 9 - Faceoff Wins : 26 - Blocked Shots : 9 - Penalty Minutes : 4

Official

Referees : Wes McCauley and Mike Duco
Linesman : Steve Barton and Jim Harper

Game Notes

Robin Lehner enters game at 3:17 of 3rd period

Finance

Level 1 -- Attendance: 6301 (96,94%) -- Ticket Income 630 100 $
Level 2 -- Attendance: 5000 (100,00%) -- Ticket Income 300 000 $
Level 3 -- Attendance: 3500 (100,00%) -- Ticket Income 122 500 $
Level 4 -- Attendance: 2649 (84,02%) -- Ticket Income 79 470 $
Luxury Box -- Attendance: 870 (87,00%) -- Ticket Income 217 500 $
Game was played at the Canadian Tire Centre.
Total Attendance: 18320 (95,65%)
Total Ticket Income: 1 349 570 $
Other Income: 661 289 $
Total Income: 2 010 859 $

% Time on Ice - Oilers

Lines # - Real PCT - Wanted PCT - Time Play
Normal Forward
1 - 38% - 40% - 20:31
2 - 29% - 30% - 15:40
3 - 23% - 20% - 12:13
4 - 10% - 10% - 5:39
Normal Defense
1 - 40% - 40% - 21:42
2 - 29% - 30% - 15:36
3 - 31% - 30% - 16:45
4 - 0% - 0% - 0:00
PP Forward
1 - 46% - 60% - 1:50
2 - 54% - 40% - 2:08
PP Defense
1 - 50% - 60% - 1:59
2 - 50% - 40% - 1:59
PK Forward
1 - 75% - 60% - 1:29
2 - 25% - 40% - 0:30
PK Defense
1 - 71% - 60% - 1:25
2 - 29% - 40% - 0:34
PK3 Forward
1 - 0% - 60%
2 - 0% - 40%
PK3 Defense
1 - 0% - 60%
2 - 0% - 40%
44 Forward
1 - 0% - 60%
2 - 0% - 40%
44 Defense
1 - 0% - 60%
2 - 0% - 40%
Last Minute Offensive  - 0:00
Last Minute Defensive  - 0:00
Total
Forward - 60:00
Defense - 60:00

% Time on Ice - Senators

Lines # - Real PCT - Wanted PCT - Time Play
Normal Forward
1 - 31% - 35% - 16:55
2 - 31% - 35% - 16:51
3 - 24% - 20% - 12:52
4 - 14% - 10% - 7:25
Normal Defense
1 - 34% - 35% - 18:25
2 - 34% - 35% - 18:21
3 - 21% - 20% - 11:20
4 - 11% - 10% - 5:57
PP Forward
1 - 32% - 50% - 0:38
2 - 68% - 50% - 1:21
PP Defense
1 - 2% - 50% - 0:02
2 - 98% - 50% - 1:57
PK Forward
1 - 69% - 60% - 2:44
2 - 31% - 40% - 1:14
PK Defense
1 - 59% - 60% - 2:20
2 - 41% - 40% - 1:38
PK3 Forward
1 - 0% - 60%
2 - 0% - 40%
PK3 Defense
1 - 0% - 60%
2 - 0% - 40%
44 Forward
1 - 0% - 50%
2 - 0% - 50%
44 Defense
1 - 0% - 50%
2 - 0% - 50%
Last Minute Offensive  - 0:00
Last Minute Defensive  - 0:00
Total
Forward - 60:00
Defense - 60:00

Play-by-Play

1st period


0:01 of 1st period - Eric Staal wins face-off versus Ryan Johansen in neutral zone.
1:03 of 1st period - Off-side.
1:04 of 1st period - Adam Lowry wins face-off versus Alexander Wennberg in neutral zone.
1:14 of 1st period - Mark Stone is hit by Brenden Dillon and loses puck.
1:21 of 1st period - Shot by Alexander Wennberg.
1:21 of 1st period - Shot Misses the Net.
1:23 of 1st period - Shot by Alexander Wennberg.
1:23 of 1st period - Deflect By Mark Stone.
1:23 of 1st period - Shot Blocked by Troy Stecher.
1:25 of 1st period - Shot by Connor Brown.
1:25 of 1st period - Shot Misses the Net.
1:27 of 1st period - Shot by Connor Brown.
1:27 of 1st period - Shot Misses the Net.
1:29 of 1st period - Shot by Connor Brown.
1:29 of 1st period - Stopped by Jonathan Quick without a rebound.
1:30 of 1st period - Pavel Zacha wins face-off versus Vladislav Namestnikov in Oilers zone.
2:38 of 1st period - Shot by Alexander Wennberg.
2:38 of 1st period - Shot Misses the Net.
2:40 of 1st period - Shot by Connor Brown.
2:40 of 1st period - Shot Misses the Net.
3:31 of 1st period - Paul Byron is hit by Vladislav Gavrikov and loses puck.
4:06 of 1st period - Icing by Gustav Nyquist.
4:07 of 1st period - Ryan Johansen wins face-off versus Eric Staal in Oilers zone.
4:22 of 1st period - Shot by Gustav Nyquist.
4:22 of 1st period - Stopped by Petr Mrazek without a rebound.
4:23 of 1st period - Chris Wagner wins face-off versus Adam Lowry in Senators zone.
5:11 of 1st period - Alex Goligoski is hit by Evander Kane and loses puck.
5:20 of 1st period - Shot by Evander Kane.
5:20 of 1st period - Shot Misses the Net.
5:59 of 1st period - Vladimir Tarasenko is hit by Jacob Trouba and loses puck.
6:12 of 1st period - Justin Falk is hit by Evander Kane and loses puck.
6:14 of 1st period - Minor Penalty to Ryan Johansen for Hooking.
6:15 of 1st period - Adam Lowry wins face-off versus Alexander Wennberg in Oilers zone.
8:24 of 1st period - Shot by Paul Byron.
8:24 of 1st period - Stopped by Jonathan Quick without a rebound.
8:25 of 1st period - Ryan Johansen wins face-off versus Valtteri Filppula in Oilers zone.
9:18 of 1st period - Shot by Vladislav Namestnikov.
9:18 of 1st period - Shot Misses the Net.
10:00 of 1st period - Shot by Eric Staal.
10:00 of 1st period - Stopped by Jonathan Quick without a rebound.
10:01 of 1st period - Barrett Hayton wins face-off versus Alexander Wennberg in Oilers zone.
11:03 of 1st period - Shot by James Neal.
11:03 of 1st period - Shot Misses the Net.
11:37 of 1st period - Shot by Valtteri Filppula.
11:37 of 1st period - Shot Blocked by Vladislav Gavrikov.
13:08 of 1st period - Shot by Riley Nash.
13:08 of 1st period - Stopped by Petr Mrazek without a rebound.
13:09 of 1st period - Alexander Wennberg wins face-off versus Adam Lowry in Senators zone.
13:09 of 1st period - Alexander Wennberg is hit by Barclay Goodrow.
13:12 of 1st period - Mark Stone is hit by Adam Lowry and loses puck.
13:49 of 1st period - Shot by Connor Brown.
13:49 of 1st period - Shot Misses the Net.
13:51 of 1st period - Shot by Alexander Wennberg.
13:51 of 1st period - Goal by Alexander Wennberg - Oilers : 0 - Senators : 1.
13:52 of 1st period - Ryan Johansen wins face-off versus Eric Staal in neutral zone.
14:05 of 1st period - Shot by Gustav Nyquist.
14:05 of 1st period - Stopped by Petr Mrazek without a rebound.
14:06 of 1st period - Barrett Hayton wins face-off versus Chris Wagner in Senators zone.
14:14 of 1st period - Vladislav Namestnikov is hit by Brenden Dillon.
14:18 of 1st period - Shot by Vladislav Namestnikov.
14:18 of 1st period - Shot Misses the Net.
14:25 of 1st period - Alex Galchenyuk is hit by Troy Stecher and loses puck.
14:32 of 1st period - Shot by Vladislav Namestnikov.
14:32 of 1st period - Goal by Vladislav Namestnikov - Oilers : 0 - Senators : 2.
14:33 of 1st period - Alexander Wennberg wins face-off versus Ryan Johansen in neutral zone.
14:33 of 1st period - Alexander Wennberg is hit by Evander Kane.
15:28 of 1st period - Off-side.
15:29 of 1st period - Adam Lowry wins face-off versus Eric Staal in neutral zone.
15:36 of 1st period - Shot by Vladimir Tarasenko.
15:36 of 1st period - Shot Blocked by Troy Stecher.
16:09 of 1st period - Shot by Eric Staal.
16:09 of 1st period - Shot Misses the Net.
16:24 of 1st period - Icing by Alex Goligoski.
16:25 of 1st period - Pavel Zacha wins face-off versus Chris Wagner in Senators zone.
16:28 of 1st period - Shot by Yanni Gourde.
16:28 of 1st period - Goal by Yanni Gourde - Oilers : 1 - Senators : 2.
16:29 of 1st period - Alexander Wennberg wins face-off versus Pavel Zacha in neutral zone.
16:38 of 1st period - Jacob Trouba is hit by Justin Falk.
16:48 of 1st period - Shot by Sam Bennett.
16:48 of 1st period - Stopped by Petr Mrazek without a rebound.
16:49 of 1st period - Chris Wagner wins face-off versus Ryan Johansen in Senators zone.
17:01 of 1st period - Shot by Evander Kane.
17:01 of 1st period - Stopped by Petr Mrazek with a rebound.
17:03 of 1st period - Shot by Vladislav Gavrikov.
17:03 of 1st period - Shot Misses the Net.
17:36 of 1st period - Icing by Andy Greene.
17:37 of 1st period - Chris Wagner wins face-off versus Pavel Zacha in Senators zone.
18:00 of 1st period - Shot by Pavel Zacha.
18:00 of 1st period - Stopped by Petr Mrazek without a rebound.
18:01 of 1st period - Mark Stone wins face-off versus Barrett Hayton in Senators zone.
18:06 of 1st period - Off-side.
18:07 of 1st period - Adam Lowry wins face-off versus Eric Staal in neutral zone.
18:28 of 1st period - Shot by Mike Green.
18:28 of 1st period - Stopped by Jonathan Quick without a rebound.
18:29 of 1st period - Alexander Wennberg wins face-off versus Ryan Johansen in Oilers zone.
18:32 of 1st period - Shot by Connor Brown.
18:32 of 1st period - Shot Misses the Net.
18:35 of 1st period - Icing by Ryan Johansen.
18:36 of 1st period - Alexander Wennberg wins face-off versus Ryan Johansen in Oilers zone.
18:39 of 1st period - Shot by Mark Stone.
18:39 of 1st period - Shot Misses the Net.
18:41 of 1st period - Shot by Mike Green.
18:41 of 1st period - Stopped by Jonathan Quick with a rebound.
19:11 of 1st period - Shot by Evander Kane.
19:11 of 1st period - Shot Misses the Net.
19:35 of 1st period - Icing by Pavel Zacha.
19:36 of 1st period - Sam Bennett wins face-off versus Vladimir Tarasenko in Oilers zone.
19:36 of 1st period - Sam Bennett is hit by Vladimir Tarasenko.
Goals for this period are 1 for Oilers vs 2 for Senators.
Shots for this period are 7 for Oilers vs 7 for Senators.

2nd period


0:01 of 2nd period - Ryan Johansen wins face-off versus Eric Staal in neutral zone.
0:29 of 2nd period - Shot by Eric Staal.
0:29 of 2nd period - Stopped by Jonathan Quick with a rebound.
0:32 of 2nd period - Icing by Ryan Johansen.
0:33 of 2nd period - Ryan Johansen wins face-off versus Alexander Wennberg in Oilers zone.
0:48 of 2nd period - Shot by Gustav Nyquist.
0:48 of 2nd period - Stopped by Petr Mrazek without a rebound.
0:49 of 2nd period - Pavel Zacha wins face-off versus Chris Wagner in Senators zone.
1:43 of 2nd period - Pavel Zacha is hit by James Neal.
2:14 of 2nd period - Shot by Eric Staal.
2:14 of 2nd period - Stopped by Jonathan Quick without a rebound.
2:15 of 2nd period - Ryan Johansen wins face-off versus Alexander Wennberg in Oilers zone.
2:22 of 2nd period - Shot by Gustav Nyquist.
2:22 of 2nd period - Stopped by Petr Mrazek without a rebound.
2:23 of 2nd period - Ryan Johansen wins face-off versus Connor Brown in Senators zone.
2:24 of 2nd period - Shot by Evander Kane.
2:24 of 2nd period - Shot Blocked by Alexander Wennberg.
2:37 of 2nd period - Icing by Jacob Trouba.
2:38 of 2nd period - Evander Kane wins face-off versus Vladislav Namestnikov in Oilers zone.
2:53 of 2nd period - Shot by Jakob Chychrun.
2:53 of 2nd period - Stopped by Jonathan Quick without a rebound.
2:54 of 2nd period - Riley Nash wins face-off versus Alexander Wennberg in Oilers zone.
2:59 of 2nd period - Connor Brown is hit by Leo Komarov and loses puck.
3:17 of 2nd period - Shot by Connor Brown.
3:17 of 2nd period - Shot Misses the Net.
4:38 of 2nd period - Adam Lowry is hit by Alex Goligoski and loses puck.
5:40 of 2nd period - Shot by Alex Galchenyuk.
5:40 of 2nd period - Stopped by Jonathan Quick without a rebound.
5:41 of 2nd period - Valtteri Filppula wins face-off versus Yanni Gourde in Oilers zone.
6:10 of 2nd period - Shot by Paul Byron.
6:10 of 2nd period - Shot Misses the Net.
6:12 of 2nd period - Shot by Mike Green.
6:12 of 2nd period - Goal by Mike Green - Oilers : 1 - Senators : 3.
6:13 of 2nd period - Ryan Johansen wins face-off versus Chris Wagner in neutral zone.
6:37 of 2nd period - Shot by Alex Galchenyuk.
6:37 of 2nd period - Shot Blocked by Vladislav Gavrikov.
6:48 of 2nd period - Vladislav Namestnikov is hit by Vladislav Gavrikov and loses puck.
6:51 of 2nd period - Shot by Chris Wagner.
6:51 of 2nd period - Stopped by Jonathan Quick without a rebound.
6:52 of 2nd period - Barrett Hayton wins face-off versus Eric Staal in Oilers zone.
6:59 of 2nd period - Shot by Eric Staal.
6:59 of 2nd period - Shot Blocked by Brent Burns.
7:21 of 2nd period - Jakob Chychrun is hit by Barrett Hayton and loses puck.
7:25 of 2nd period - Icing by James Neal.
7:26 of 2nd period - Pavel Zacha wins face-off versus Eric Staal in Senators zone.
7:37 of 2nd period - Shot by Sam Bennett.
7:37 of 2nd period - Shot Misses the Net.
7:42 of 2nd period - Icing by Vladimir Tarasenko.
7:43 of 2nd period - Ryan Johansen wins face-off versus James Neal in Senators zone.
7:46 of 2nd period - Shot by Travis Hamonic.
7:46 of 2nd period - Stopped by Petr Mrazek without a rebound.
7:47 of 2nd period - Alexander Wennberg wins face-off versus Ryan Johansen in Senators zone.
8:04 of 2nd period - Shot by Evander Kane.
8:04 of 2nd period - Shot Misses the Net.
9:07 of 2nd period - Off-side.
9:08 of 2nd period - Eric Staal wins face-off versus Adam Lowry in neutral zone.
9:52 of 2nd period - Icing by Alex Goligoski.
9:53 of 2nd period - Ryan Johansen wins face-off versus Eric Staal in Senators zone.
10:26 of 2nd period - Brent Burns is hit by James Neal and loses puck.
11:10 of 2nd period - Shot by Alex Galchenyuk.
11:10 of 2nd period - Shot Misses the Net.
11:28 of 2nd period - Shot by Vladislav Namestnikov.
11:28 of 2nd period - Stopped by Jonathan Quick with a rebound.
12:12 of 2nd period - Shot by Barclay Goodrow.
12:12 of 2nd period - Shot Misses the Net.
12:14 of 2nd period - Shot by Brent Burns.
12:14 of 2nd period - Shot Blocked by Jakob Chychrun.
12:33 of 2nd period - Jakob Chychrun is hit by Jacob Trouba and loses puck.
13:39 of 2nd period - Icing by Mark Stone.
13:40 of 2nd period - Pavel Zacha wins face-off versus Alexander Wennberg in Senators zone.
13:41 of 2nd period - Shot by Yanni Gourde.
13:41 of 2nd period - Shot Blocked by Justin Falk.
14:28 of 2nd period - Paul Byron is hit by Jacob Trouba and loses puck.
14:58 of 2nd period - Jacob Trouba is hit by James Neal and loses puck.
15:55 of 2nd period - Shot by Jakob Chychrun.
15:55 of 2nd period - Stopped by Jonathan Quick with a rebound.
16:15 of 2nd period - Off-side.
16:16 of 2nd period - Eric Staal wins face-off versus Ryan Johansen in neutral zone.
16:39 of 2nd period - Shot by Eric Staal.
16:39 of 2nd period - Shot Hit the Post.
16:41 of 2nd period - Shot by Alex Goligoski.
16:41 of 2nd period - Shot Misses the Net.
17:11 of 2nd period - Shot by Connor Brown.
17:11 of 2nd period - Stopped by Jonathan Quick with a rebound.
17:47 of 2nd period - Icing by Jacob Trouba.
17:48 of 2nd period - Valtteri Filppula wins face-off versus Pavel Zacha in Oilers zone.
17:56 of 2nd period - Minor Penalty to Paul Byron for Tripping.
17:57 of 2nd period - Chris Wagner wins face-off versus Barrett Hayton in Senators zone.
19:05 of 2nd period - Shot by Evander Kane.
19:05 of 2nd period - Stopped by Petr Mrazek without a rebound.
19:06 of 2nd period - Chris Wagner wins face-off versus Ryan Johansen in Senators zone.
19:30 of 2nd period - Shot by Evander Kane.
19:30 of 2nd period - Shot Misses the Net.
19:32 of 2nd period - Shot by Brent Burns.
19:32 of 2nd period - Shot Misses the Net.
Goals for this period are 0 for Oilers vs 1 for Senators.
Shots for this period are 4 for Oilers vs 9 for Senators.

3rd period


0:01 of 3rd period - Ryan Johansen wins face-off versus Eric Staal in neutral zone.
1:27 of 3rd period - Alexander Wennberg is hit by Travis Hamonic and loses puck.
1:34 of 3rd period - Shot by Alexander Wennberg.
1:34 of 3rd period - Stopped by Jonathan Quick with a rebound.
1:49 of 3rd period - Justin Falk is hit by Sam Bennett and loses puck.
1:57 of 3rd period - Icing by Vladislav Gavrikov.
1:58 of 3rd period - Pavel Zacha wins face-off versus Paul Byron in Oilers zone.
2:07 of 3rd period - Shot by Valtteri Filppula.
2:07 of 3rd period - Shot Misses the Net.
2:09 of 3rd period - Shot by Valtteri Filppula.
2:09 of 3rd period - Shot Misses the Net.
2:11 of 3rd period - Shot by Jani Hakanpaa.
2:11 of 3rd period - Shot Misses the Net.
2:13 of 3rd period - Shot by Derek Ryan.
2:13 of 3rd period - Shot Misses the Net.
2:15 of 3rd period - Shot by Paul Byron.
2:15 of 3rd period - Shot Misses the Net.
2:17 of 3rd period - Shot by Paul Byron.
2:17 of 3rd period - Shot Misses the Net.
2:19 of 3rd period - Shot by Jani Hakanpaa.
2:19 of 3rd period - Shot Misses the Net.
2:21 of 3rd period - Shot by Paul Byron.
2:21 of 3rd period - Stopped by Jonathan Quick without a rebound.
2:22 of 3rd period - Ryan Johansen wins face-off versus Chris Wagner in Oilers zone.
2:39 of 3rd period - Icing by Jacob Trouba.
2:40 of 3rd period - Eric Staal wins face-off versus Ryan Johansen in Oilers zone.
2:55 of 3rd period - Shot by Evander Kane.
2:55 of 3rd period - Stopped by Petr Mrazek with a rebound.
3:05 of 3rd period - Shot by Gustav Nyquist.
3:05 of 3rd period - Stopped by Petr Mrazek without a rebound.
3:06 of 3rd period - Adam Lowry wins face-off versus Alexander Wennberg in Senators zone.
3:14 of 3rd period - Connor Brown is hit by Brenden Dillon and loses puck.
3:17 of 3rd period - Shot by Connor Brown.
3:17 of 3rd period - Goal by Connor Brown - Oilers : 1 - Senators : 4.
3:17 of 3rd period - Robin Lehner enters game.
3:18 of 3rd period - Barrett Hayton wins face-off versus Chris Wagner in neutral zone.
3:50 of 3rd period - Shot by Vladislav Namestnikov.
3:50 of 3rd period - Stopped by Robin Lehner with a rebound.
5:40 of 3rd period - Shot by Pavel Zacha.
5:40 of 3rd period - Deflect By Yanni Gourde.
5:40 of 3rd period - Stopped by Petr Mrazek without a rebound.
5:41 of 3rd period - Adam Lowry wins face-off versus Alex Galchenyuk in Senators zone.
6:31 of 3rd period - Icing by Brenden Dillon.
6:32 of 3rd period - Ryan Johansen wins face-off versus Eric Staal in Oilers zone.
6:49 of 3rd period - Shot by Eric Staal.
6:49 of 3rd period - Stopped by Robin Lehner without a rebound.
6:50 of 3rd period - Sam Bennett wins face-off versus Alexander Wennberg in Oilers zone.
6:50 of 3rd period - Sam Bennett is hit by Mark Stone.
7:05 of 3rd period - Icing by Pavel Zacha.
7:06 of 3rd period - Pavel Zacha wins face-off versus Eric Staal in Oilers zone.
7:08 of 3rd period - Icing by Travis Hamonic.
7:09 of 3rd period - Eric Staal wins face-off versus Pavel Zacha in Oilers zone.
7:28 of 3rd period - Shot by Sam Bennett.
7:28 of 3rd period - Deflect By Pavel Zacha.
7:28 of 3rd period - Shot Blocked by Alex Goligoski.
7:30 of 3rd period - Shot by Travis Hamonic.
7:30 of 3rd period - Shot Misses the Net.
7:36 of 3rd period - Shot by Pavel Zacha.
7:36 of 3rd period - Shot Blocked by Eric Staal.
7:44 of 3rd period - Shot by Yanni Gourde.
7:44 of 3rd period - Shot Blocked by Eric Staal.
8:01 of 3rd period - Icing by Jacob Trouba.
8:02 of 3rd period - Ryan Johansen wins face-off versus Alexander Wennberg in Oilers zone.
8:23 of 3rd period - Shot by Mark Stone.
8:23 of 3rd period - Stopped by Robin Lehner without a rebound.
8:24 of 3rd period - Adam Lowry wins face-off versus Valtteri Filppula in Oilers zone.
8:31 of 3rd period - Valtteri Filppula is hit by Barclay Goodrow and loses puck.
8:44 of 3rd period - Shot by Nick Cousins.
8:44 of 3rd period - Shot Misses the Net.
8:48 of 3rd period - Shot by Barclay Goodrow.
8:48 of 3rd period - Shot Blocked by Justin Falk.
9:10 of 3rd period - Off-side.
9:11 of 3rd period - Ryan Johansen wins face-off versus Alexander Wennberg in neutral zone.
9:43 of 3rd period - Alexander Wennberg is hit by Jacob Trouba and loses puck.
10:16 of 3rd period - James Neal is hit by Jacob Trouba and loses puck.
10:26 of 3rd period - Icing by Jacob Trouba.
10:27 of 3rd period - Ryan Johansen wins face-off versus Chris Wagner in Oilers zone.
10:55 of 3rd period - Icing by Pavel Zacha.
10:56 of 3rd period - Valtteri Filppula wins face-off versus Pavel Zacha in Oilers zone.
11:45 of 3rd period - Shot by Barclay Goodrow.
11:45 of 3rd period - Shot Blocked by Andy Greene.
11:49 of 3rd period - Shot by Adam Lowry.
11:49 of 3rd period - Stopped by Petr Mrazek without a rebound.
11:50 of 3rd period - Alexander Wennberg wins face-off versus Barrett Hayton in Senators zone.
11:58 of 3rd period - Minor Penalty to Mark Stone for Hooking.
11:59 of 3rd period - Chris Wagner wins face-off versus Barrett Hayton in Senators zone.
12:16 of 3rd period - Shot by Jacob Trouba.
12:16 of 3rd period - Shot Blocked by Mike Green.
13:53 of 3rd period - Shot by Brent Burns.
13:53 of 3rd period - Stopped by Petr Mrazek without a rebound.
13:54 of 3rd period - Ryan Johansen wins face-off versus Chris Wagner in Senators zone.
14:11 of 3rd period - Shot by James Neal.
14:11 of 3rd period - Stopped by Robin Lehner without a rebound.
14:12 of 3rd period - Adam Lowry wins face-off versus Alexander Wennberg in Oilers zone.
14:14 of 3rd period - Icing by Brenden Dillon.
14:15 of 3rd period - Adam Lowry wins face-off versus Alexander Wennberg in Oilers zone.
14:56 of 3rd period - Icing by Barclay Goodrow.
14:57 of 3rd period - Eric Staal wins face-off versus Adam Lowry in Oilers zone.
14:57 of 3rd period - Mike Green is hit by Brenden Dillon and loses puck.
15:03 of 3rd period - Adam Lowry is hit by Jakob Chychrun and loses puck.
15:11 of 3rd period - Icing by Jakob Chychrun.
15:12 of 3rd period - Eric Staal wins face-off versus Ryan Johansen in Senators zone.
15:58 of 3rd period - Icing by Brent Burns.
15:59 of 3rd period - Alexander Wennberg wins face-off versus Ryan Johansen in Oilers zone.
16:00 of 3rd period - Shot by Connor Brown.
16:00 of 3rd period - Shot Blocked by Brent Burns.
16:41 of 3rd period - Shot by Pavel Zacha.
16:41 of 3rd period - Stopped by Petr Mrazek without a rebound.
16:42 of 3rd period - Adam Lowry wins face-off versus Vladislav Namestnikov in Senators zone.
16:57 of 3rd period - Shot by Alex Galchenyuk.
16:57 of 3rd period - Shot Misses the Net.
17:31 of 3rd period - Barclay Goodrow is hit by Vladimir Tarasenko and loses puck.
17:44 of 3rd period - Shot by Eric Staal.
17:44 of 3rd period - Shot Misses the Net.
17:46 of 3rd period - Shot by Jakob Chychrun.
17:46 of 3rd period - Stopped by Robin Lehner without a rebound.
17:47 of 3rd period - Alexander Wennberg wins face-off versus Pavel Zacha in Oilers zone.
18:02 of 3rd period - Shot by Alexander Wennberg.
18:02 of 3rd period - Shot Misses the Net.
18:20 of 3rd period - Shot by Connor Brown.
18:20 of 3rd period - Stopped by Robin Lehner without a rebound.
18:21 of 3rd period - Ryan Johansen wins face-off versus Eric Staal in Oilers zone.
18:34 of 3rd period - Shot by Evander Kane.
18:34 of 3rd period - Deflect By Ryan Johansen.
18:34 of 3rd period - Stopped by Petr Mrazek with a rebound.
19:13 of 3rd period - Shot by Chris Wagner.
19:13 of 3rd period - Shot Misses the Net.
19:15 of 3rd period - Shot by Vladislav Namestnikov.
19:15 of 3rd period - Shot Misses the Net.
19:17 of 3rd period - Shot by Vladislav Namestnikov.
19:17 of 3rd period - Stopped by Robin Lehner with a rebound.
19:19 of 3rd period - Shot by Vladislav Namestnikov.
19:19 of 3rd period - Shot Misses the Net.
Goals for this period are 0 for Oilers vs 1 for Senators.
Shots for this period are 7 for Oilers vs 10 for Senators.